AoeStats
← GN_Anubis

Arabia

504284125Analyzed
2v2 RM · 28d ago on Sep 4, 2026· 25m 54s· 4 players
Game mode
Random Map
Map size
Medium (4 player)
Population
200
Speed
Normal
Resources
Standard
Victory
Conquest
Starting age
Dark Age
Ending age
Imperial Age
RankedLock teamsTeams togetherTeam positionsShared explorationLock speedFull tech treeHidden civsTurbo modeCheats
Victory
Defeat
🇫🇷 Spanish · France
1503
+16
🇫🇷 Persians · France
1494
+16
🇺🇸 Wu · United States
1515
-16
🇦🇷 Inca · Argentina
1493
-16
MooSpecial
6:11 Loom
8:51 Feudal Age
8:58 Man-at-Arms
11:00 Double-Bit Axe
17:13 Wheelbarrow
17:25 Fletching
23:05 Castle Age
21:26 Padded Archer Armor
21:22 Horse Collar
23:03 Bloodlines
23:15 Gold Mining
23:41 Scale Barding Armor
23:08 Crossbowman
23:43 Bodkin Arrow
GN_Anubis
9:21 Feudal Age
9:19 Loom
10:04 Double-Bit Axe
11:07 Fletching
21:11 Horse Collar
24:09 Castle Age
24:25 Pikeman
25:01 Bodkin Arrow
24:27 Crossbowman
25:23 Scale Mail Armor
Babouche
6:50 Loom
9:35 Feudal Age
9:47 Man-at-Arms
17:31 Double-Bit Axe
17:58 Fletching
23:48 Castle Age
22:14 Padded Archer Armor
22:25 Gold Mining
22:45 Horse Collar
23:48 Bloodlines
24:20 Scale Barding Armor
24:11 Elite Skirmisher
25:57 Forging
Demonitox
6:04 Loom
6:18 Loom
8:56 Feudal Age
9:29 Double-Bit Axe
9:50 Horse Collar
15:21 Wheelbarrow
16:52 Scale Barding Armor
20:41 Castle Age
19:41 Bloodlines
25:50 Chain Barding Armor
26:14 Husbandry
Connection lost

Rejoining the realm…

Still unreachable

The connection could not be restored.

Session expired

The server has moved on; the page needs a fresh start.